 Dungeon Crawl Stone Soup version 0.29-a0-1014-ga8c0faee3b (webtiles) character file.

Game seed: 4748930548256406626

851 2tc the Slicer (level 8, -3/44 HPs)
             Began as a Kobold Brigand on Aug 9, 2022.
             Was a Believer of the Shining One.
             Slain by a gnoll bouda
             ... wielding a +0 club
              (5 damage)
             ... on level 5 of the Dungeon.
             The game lasted 00:12:32 (5160 turns).

2tc the Slicer (Kobold Brigand)                     Turns: 5160, Time: 00:12:33

Health: -3/44      AC:  6    Str:  8    XL:     8   Next: 21%
Magic:  10/10      EV: 14    Int: 15    God:    the Shining One [**....]
Gold:   197        SH:  0    Dex: 16    Spells: 7/7 levels left

rFire   . . .      SeeInvis .   u - +2 dagger (venom)
rCold   . . .      Faith    .   (no shield)
rNeg    + . .      Spirit   .   b - +0 robe
rPois   .          Reflect  .   (no helmet)
rElec   .          Harm     .   c - +0 cloak
rCorr   .          Rampage  .   s - +2 pair of gloves
Will    .....                   (no boots)
Stlth   ++........              (no amulet)
HPRegen 0.14/turn               (no ring)
MPRegen 0.12/turn               (no ring)

@: glowing
A: small, no large weapons, nightstalker 3
a: Renounce Religion, Divine Shield


You were on level 5 of the Dungeon.
You worshipped the Shining One.
The Shining One was pleased with you.
You visited 1 branch of the dungeon, and saw 5 of its levels.

You collected 197 gold pieces.

Inventory:

Hand Weapons
 a - a +2 dagger
 p - a +1 dagger of venom
 u - a +2 dagger of venom (weapon)
 v - a +1 dagger of electrocution
Missiles
 d - 7 poisoned darts (quivered)
 e - 3 curare-tipped darts
Armour
 b - a +0 robe (worn)
 c - a +0 cloak (worn)
 s - a +2 pair of gloves (worn)
Jewellery
 k - an amulet of magic regeneration
Wands
 q - a wand of polymorph (12)
Scrolls
 m - a scroll of teleportation
 o - a scroll of blinking
Potions
 f - a potion of lignification
 g - 2 potions of heal wounds
 h - 2 potions of brilliance
 i - 2 potions of might {unknown}
 j - 4 potions of curing {unknown}
 l - a potion of attraction {unknown}
 n - a potion of ambrosia {unknown}
 r - a potion of cancellation {unknown}
 t - a potion of haste {unknown}


   Skills:
 - Level 2.1 Fighting
 - Level 10.0 Short Blades
 - Level 2.1 Throwing
 - Level 1.2 Dodging
 - Level 7.5 Stealth
 + Level 2.8 Invocations


You had 7 spell levels left.
You didn't know any spells.
Your spell library contained the following spells:

 Spells                   Type           Power      Damage    Failure   Level
 Apportation              Tloc           0%         N/A       26%         1
 Blink                    Tloc           0%         N/A       38%         2
 Olgreb's Toxic Radiance  Pois           0%         N/A       95%         4
 Alistair's Intoxication  Tmut/Pois      0%         N/A       100%        5
 Manifold Assault         Tloc           0%         N/A       100%        5
 Ozocubu's Refrigeration  Ice            0%         4d7       100%        7
 Storm Form               Tmut/Air       0%         N/A       100%        7
 Ignition                 Fire           0%         3d3       100%        8


Dungeon Overview and Level Annotations

Branches:
Dungeon (5/15)
 Temple: D:4-7

Altars:
Yredelemnul
The Shining One


Innate Abilities, Weirdness & Mutations

You are small and have problems with some larger weapons.
You are completely attuned to the shadows.


Message History

A gnoll bouda and a gnoll come into view.
You feel sick.
The gnoll moves out of view.
Found a potion of heal wounds.
You feel sick.
The gnoll shouts!
You hear a shout! x2; You hear an angry hiss.
The gnoll bouda shouts!
You feel sick. The gnoll misses you.
The gnoll bouda barks out a call to the hunt!
The gnoll picks up the pace!
You hit the iguana.
The iguana is poisoned.
The iguana is lightly wounded.
You feel sick.
You hit the gnoll bouda.
The gnoll bouda is moderately wounded.
The iguana barely misses you.
A gnoll comes into view. It is wielding a +0 club. x2
The gnoll closely misses you.
You completely miss the gnoll bouda.
The gnoll bouda is moderately wounded.
You feel sick.
You are no longer poisoned.
Unknown command.
You hit the gnoll bouda.
The gnoll bouda is moderately wounded.
The gnoll hits you from afar with a +0 halberd!
* * * LOW HITPOINT WARNING * * *
The gnoll bouda hits you with a +0 club.
* * * LOW HITPOINT WARNING * * *
A jelly comes into view. x2
The iguana bites you.
* * * LOW HITPOINT WARNING * * *
A phantom comes into view.
The iguana closely misses you.
The gnoll bouda hits you with a +0 club.
* * * LOW HITPOINT WARNING * * *
The gnoll bouda attacks as you move away!
The gnoll bouda closely misses you. The iguana attacks as you move away!
The iguana misses you.
The gnoll bouda attacks as you move away!
The gnoll bouda hits you with a +0 club.
You die...

#<# #.# ..
#.#
.#.###.#
.....#.#
.#.#.#.###
.....†.....
#.#)......
.....@.....
.#.#.gl....
.....g.g..
.#.#.g.J..
....W.J..
.......!.
.........


You could see a phantom, a gnoll bouda, an iguana (very poisoned), 2 jellies and
3 gnolls.

Vanquished Creatures
  An orc warrior (D:4)
  An ogre (D:4)
  A phantom (D:4)
  2 necrophages (D:4)
  3 scorpions
  An orc priest (D:4)
  An iguana (D:4)
  3 orc wizards
  A scorpion zombie (D:3)
  6 adders
  A worm (D:2)
  4 dart slugs
  11 orcs
  3 ball pythons
  4 endoplasms
  2 giant cockroaches
  8 goblins
  6 hobgoblins
  3 jackals (D:4)
  6 kobolds
  4 quokkas
  A ball python zombie (D:3)
  10 bats
  3 frilled lizards
  8 rats
94 creatures vanquished.

Notes
Turn   | Place    | Note
-------+----------+-------------------------------------------
     0 | D:1      | 2tc the Kobold Brigand began the quest for the Orb.
     0 | D:1      | Reached XP level 1. HP: 12/12 MP: 1/1
    18 | D:1      | Reached skill level 3 in Short Blades
   160 | D:1      | Reached XP level 2. HP: 11/17 MP: 2/2
   242 | D:1      | Reached skill level 4 in Short Blades
   563 | D:1      | Reached XP level 3. HP: 18/21 MP: 3/3
  1056 | D:2      | You fall into a shaft and drop 1 floor!
  1134 | D:2      | Reached skill level 5 in Short Blades
  1309 | D:2      | Reached XP level 4. HP: 26/26 MP: 4/4
  1892 | D:3      | Found a faded altar of an unknown god.
  1903 | D:3      | Prayed at the altar of an unknown god.
  1903 | D:3      | Became a worshipper of the Shining One
  1903 | D:3      | Reached * piety under the Shining One
  2191 | D:3      | Reached skill level 6 in Short Blades
  2214 | D:3      | Reached XP level 5. HP: 18/30 MP: 5/5
  2679 | D:3      | Reached skill level 7 in Short Blades
  2707 | D:3      | Found a basalt altar of Yredelemnul.
  3005 | D:4      | Noticed an ogre
  3122 | D:4      | Noticed an orc warrior
  3418 | D:4      | Killed an orc warrior
  3419 | D:4      | Reached skill level 8 in Short Blades
  3419 | D:4      | Reached XP level 6. HP: 25/35 MP: 6/6
  3756 | D:4      | Killed an ogre
  3757 | D:4      | Reached skill level 9 in Short Blades
  3757 | D:4      | Reached XP level 7. HP: 22/40 MP: 7/7
  4065 | D:4      | Reached skill level 10 in Short Blades
  4622 | D:4      | Reached ** piety under the Shining One
  4634 | D:4      | Reached XP level 8. HP: 40/44 MP: 8/8
  5095 | D:4      | Reached skill level 1 in Invocations
  5120 | D:5      | Entered Level 5 of the Dungeon
  5158 | D:5      | HP: 2/44 [gnoll bouda/+0 club (2)]
  5160 | D:5      | Slain by a gnoll bouda

Illustrated notes

Levels and vault maps discovered:
D:1:      dpeg_arrival_pits, layout_basic, minmay_misc_feat_rows
D:2:      layout_loops_ring
D:3:      layout_basic, lemuel_zombie_altar_yredelemnul, basic_ecumenical_altar,
          palyth_stone_intersect
D:4:      layout_basic
D:5:      lemuel_ice_spiral_2, layout_basic,
          grunt_temple_overflow_growth_and_decay,
          minmay_temple_entry_mini_moons, serial_shops, nicolae_take_the_stairs,
          st_stairs_10

Skill      XL: |  1  2  3  4  5  6  7  8 |
---------------+-------------------------+-----
Short Blades   | 3 4 5 6 8 9 10 | 10.0
Stealth        | 7 |  7.5
Invocations    | 2 |  2.8
Fighting       | |  2.1
Throwing       | |  2.1
Dodging        | |  1.2

Action                   |  1- 3 |  4- 6 |  7- 9 || total
-------------------------+-------+-------+-------++-------
Melee: Dagger            |    79 |   122 |   157 ||   358
       Punch             |       |     1 |     2 ||     3
Throw: Dart              |       |    15 |     7 ||    22
  Use: Scroll            |     5 |     3 |     1 ||     9
       Potion            |       |     1 |       ||     1
 Stab: Sleeping          |    12 |     9 |       ||    21
       Distracted        |       |     1 |       ||     1
Armor: Robe              |    11 |    19 |    21 ||    51
Dodge: Dodged            |    34 |    45 |    66 ||   145

Table legend: (Time is in decaauts)
 A = Elapsed time spent in this place.
 B = Non-inter-level travel time spent in this place.
 C = Inter-level travel time spent in this place.
 D = Time resting spent in this place.
 E = Time spent auto-exploring this place.
 F = Levels seen in this place.
 G = Mean time per level.
                   A        B        C        D        E       F      G
               +--------+--------+--------+--------+--------+-----+--------+
         Total |   5022 |   4838 |    184 |    559 |   3615 |   5 | 1004.4 |
       Dungeon |   5022 |   4838 |    184 |    559 |   3615 |   5 | 1004.4 |
               +--------+--------+--------+--------+--------+-----+--------+

Top non-repeatable levels by time:
     D:3: 1739 daAuts
     D:4: 1480 daAuts
     D:1: 910 daAuts
     D:2: 864 daAuts
     D:5: 26 daAuts
